 Dungeon Crawl Stone Soup version 0.31.0-11-ge490571c62 (webtiles) character file.

Game seed: 7602291291665584856

145 qw the Skirmisher (level 5, -2/29 HPs)
             Began as a Deep Elf Hunter on Feb 3, 2024.
             Slain by a goblin
             ... wielding a +0 club
              (4 damage)
             ... on level 3 of the Dungeon.
             The game lasted 00:00:06 (1676 turns).

qw the Skirmisher (Deep Elf Hunter)                 Turns: 1676, Time: 00:00:06

Health: -2/29      AC:  5    Str: 10    XL:     5   Next: 6%
Magic:  7/7        EV: 11    Int: 14    God:
Gold:   156        SH:  0    Dex: 18    Spells: 4/4 levels left

rFire   . . .        a - +1 shortbow
rCold   . . .        (shield currently unavailable)
rNeg    . . .        d - +0 ring mail
rPois   .            (no helmet)
rElec   .            (no cloak)
rCorr   .            (no gloves)
SInv    .            (no boots)
Will    .....        (no amulet)
Stlth   +            (no ring)
HPRegen 0.24/turn    (no ring)
MPRegen 0.10/turn

%: no passive effects
@: no status effects
A: no striking features
a: no special abilities


You were on level 3 of the Dungeon.
You visited 1 branch of the dungeon, and saw 3 of its levels.

You collected 156 gold pieces.


   Skills:
 - Level 1.5 Fighting
 + Level 8.4 Ranged Weapons
 - Level 2.4 Dodging
 - Level 1.2 Stealth


You had 4 spell levels left.
You didn't know any spells.
Your spell library was empty.

Inventory:

Hand Weapons
 a - a +1 shortbow (weapon)
Armour
 d - a +0 ring mail (worn)
Potions
 b - a potion of attraction {unknown}
 e - a potion of curing

Dungeon Overview and Level Annotations

Branches:
Dungeon (3/15)

Altars:


Message History

The scorpion stings you.
You shoot an arrow. The endoplasm quivers.
The arrow hits the scorpion!
The scorpion is heavily wounded.
The scorpion stings you.
You are poisoned.
The scorpion poisons you!
You shoot an arrow. The arrow barely misses the scorpion.
You feel very sick. The scorpion stings you.
You shoot an arrow. The arrow hits the scorpion.
The scorpion is severely wounded.
You feel sick. The scorpion closely misses you.
The kobold hits you but does no damage. The scorpion stings you.
You shoot an arrow.
The arrow completely misses the scorpion.
You feel sick. The kobold barely misses you. The scorpion barely misses you.
The goblin hits you but does no damage. The kobold hits you but does no damage.
You shoot an arrow. The arrow barely misses the scorpion.
You feel sick. The scorpion closely misses you.
The goblin hits you but does no damage. The kobold closely misses you.
You shoot an arrow. The arrow hits the scorpion.
The scorpion is almost dead.
You feel sick. The scorpion stings you. The goblin misses you.
The kobold closely misses you.
The scorpion stings you but does no damage.
You shoot an arrow. The arrow hits the scorpion.
You kill the scorpion!
You feel sick. The kobold hits you but does no damage.
The goblin barely misses you.
Your Ranged Weapons skill increases to level 8!
You have reached level 5!
You shoot an arrow. The arrow hits the endoplasm.
The endoplasm is lightly wounded.
You feel sick.
You are no longer poisoned.
The endoplasm hits you. The kobold closely misses you.
The goblin hits you with a +0 club.
You die...

(# .#.####.#.#...#.#.#.
..#.##.........#.#.#. #
#. #.##...........#.#.
.... #.##.........#.#.#.
... #. ###.#.........#.
.... #. #.###...#####.
.....#.####.###%........
......g..........######.
....?.K@.......).)......
...###J####.####.#.##.#.
#. #.# # #<##.#. #. #.#
####.#. #. #.# #.#. #.
#.# #.#. ## #)# #.#. .#
#.#. #.#


You could see an endoplasm, a goblin and a kobold.

Vanquished Creatures
  A scorpion (D:3)
  4 adders
  A dart slug (D:2)
  An orc (D:3)
  4 endoplasms
  2 giant cockroaches (D:2)
  7 hobgoblins
  2 jackals (D:1)
  A kobold (D:3)
  3 quokkas
  5 ball pythons
  7 bats
  9 frilled lizards
  3 goblins
  4 rats
54 creatures vanquished.

Notes
Turn   | Place    | Note
-------+----------+-------------------------------------------
     0 | D:1      | qw the Deep Elf Hunter began the quest for the Orb.
     0 | D:1      | Reached XP level 1. HP: 12/12 MP: 3/3
     0 | D:1      | 0 ||| qw: Version: 0.3-a-157-g843a77d
     0 | D:1      | 0 ||| qw: Game counter: 3643
     0 | D:1      | 0 ||| qw: Melee chars always use a shield: true
     0 | D:1      | 0 ||| qw: God list: Okawaru
     0 | D:1      | 0 ||| qw: Allow faded altars: false
     0 | D:1      | 0 ||| qw: Do Orc after clearing Dungeon:15 true
     0 | D:1      | 0 ||| qw: Do second Lair branch before Depths: true
     0 | D:1      | 0 ||| qw: Lair rune preference: random
     0 | D:1      | 0 ||| qw: Goals: Normal
     0 | D:1      | 0 ||| PLANNING D:1-11
    89 | D:1      | Reached skill level 6 in Ranged Weapons
    89 | D:1      | Reached XP level 2. HP: 16/16 MP: 4/4
   144 | D:1      | Found a faded altar of an unknown god.
   591 | D:1      | 591 ||| UPGRADING to +0 ring mail.
   601 | D:1      | 601 ||| DROPPING +0 leather armour.
   602 | D:1      | 602 ||| READING scroll labelled TALURGH WESISEI.
   603 | D:1      | 603 ||| READING scroll labelled RIZAOG XIAR.
   604 | D:1      | 604 ||| READING scroll labelled RAZIDW ENYOVINK.
   605 | D:1      | 605 ||| READING 2 scrolls labelled UCWEUSMIGG.
   605 | D:1      | 605 ||| IDENTIFYING golden potion
   606 | D:1      | 606 ||| READING scroll of identify.
   606 | D:1      | 606 ||| IDENTIFYING sapphire potion
   607 | D:1      | 607 ||| READING scroll labelled TICUOT JOSS.
   608 | D:1      | 608 ||| READING scroll labelled JONKAR BISCHAH.
   609 | D:1      | 609 ||| DROPPING scroll of butterflies.
   610 | D:1      | 610 ||| DROPPING potion of degeneration.
   663 | D:2      | Reached XP level 3. HP: 20/20 MP: 5/5
   908 | D:2      | Reached skill level 7 in Ranged Weapons
  1139 | D:2      | Reached XP level 4. HP: 25/25 MP: 6/6
  1377 | D:2      | 1377 ||| READING scroll of identify.
  1377 | D:2      | 1377 ||| IDENTIFYING lumpy cyan potion
  1378 | D:2      | 1378 ||| READING scroll labelled EZUYTY MYRUN.
  1378 | D:2      | 1378 ||| ENCHANTING +0 shortbow.
  1379 | D:2      | 1379 ||| READING scroll labelled GEOWKI VAABOSO.
  1480 | D:2      | 1480 ||| READING scroll labelled YVYOM TIDOX.
  1481 | D:2      | 1481 ||| DRINKING 3 inky potions.
  1482 | D:2      | 1482 ||| DRINKING 2 potions of curing.
  1482 | D:2      | 1482 ||| (to cure confusion)
  1483 | D:2      | 1483 ||| DROPPING 2 potions of ambrosia.
  1484 | D:2      | 1484 ||| DROPPING potion of magic.
  1666 | D:3      | Noticed a scorpion
  1672 | D:3      | HP: 6/25 [poisoned by a scorpion]
  1675 | D:3      | Killed a scorpion
  1676 | D:3      | Reached skill level 8 in Ranged Weapons
  1676 | D:3      | Reached XP level 5. HP: 4/29 MP: 7/7
  1676 | D:3      | HP: 2/29 [endoplasm (1)]
  1676 | D:3      | Slain by a goblin

Levels and vault maps discovered:
D:1:      tarquinn_simple_flora_water_f, layout_rooms,
          shapermc_ecumenical_altar_totnotflames, minmay_lizard_pond
D:2:      layout_basic, serial_curves, eino_curves_01, eino_curves_01
D:3:      layout_basic, corexii_shack

Skill      XL: |  1  2  3  4 |
---------------+-------------+-----
Ranged Weapons | 6 7 8 |  8.4
Fighting       | |  1.5
Dodging        | |  2.4
Stealth        | |  1.2

Action                     |  1- 3 |  4- 6 || total
---------------------------+-------+-------++-------
   Fire: Shortbow          |   110 |    41 ||   151
    Use: Scroll            |     7 |     4 ||    11
         Potion            |       |     2 ||     2
 Armour: Leather armour    |     8 |       ||     8
         Ring mail         |    19 |    24 ||    43
  Dodge: Dodged            |    27 |    23 ||    50

Table legend:
 A = Non-vault XP
 B = Vault XP
 C = Vault XP percentage of total XP
 D = Non-vault monster count
 E = Vault monster count
 F = Vault count percentage of total count
                 A         B        C        D         E       F
            +---------+---------+-------+---------+---------+-------
      Total |     204 |       4 |   1.9 |      50 |       4 |   7.4
            +---------+---------+-------+---------+---------+-------
        D:1 |      35 |       4 |  10.3 |      23 |       4 |  14.8
        D:2 |      68 |       0 |   0.0 |      18 |       0 |   0.0
        D:3 |     101 |       0 |   0.0 |       9 |       0 |   0.0
            +---------+---------+-------+---------+---------+-------
